Princes vs High Goats (R1)

Created - 19 avril 2013 at 00:39

Goals
1 2 3 T
Princes 2 5 1 8
High Goats 1 1 3 5
Shots
1 2 3 T
Princes 10 15 15 40
High Goats 7 7 13 27

1st period

1. Princes , Patric Hornqvist 42 (Ryan Hollweg, Michael Nylander) at 7:25
2. High Goats , Brendon Segal 19 (Chris Stewart, Antti Laaksonen) at 17:07
3. Princes , Noah Welch 3 (Ryan Hollweg, Patric Hornqvist) at 19:32 (PP)

Penalties :
Nick Bonino (Buc) for Holding (Minor) at 0:44, Nick Bonino (Buc) for Tripping (Minor) at 9:56, Drayson Bowman (Buc) for Kneeing (Major) at 18:20

2nd period

4. Princes , Kevin Shattenkirk 3 (Patric Hornqvist, Ryan Hollweg) at 1:27 (PP)
5. Princes , Michael Nylander 40 (Patric Hornqvist, Ryan Hollweg) at 2:06 (PP)
6. Princes , Ryan Hollweg 40 (Michael Nylander) at 2:50 (PP)
7. High Goats , Craig Weller 41 (Arturs Kulda, Nick Bonino) at 5:31
8. Princes , Mason Raymond 37 (Noah Welch) at 8:05
9. Princes , Alexander Korolyuk 20 (T.J. Oshie) at 12:59

Penalties :
Nate Prosser (Cal) for Slashing (Minor) at 9:10, Nick Bonino (Buc) for Charging (Minor) at 13:45

3rd period

10. High Goats , Pavel Brendl 17 (Joël Perrault) at 0:30
11. High Goats , Chris Stewart 42 (Anton Stralman, Antti Laaksonen) at 14:40
12. Princes , Jason Strudwick 1 (Jonathan Tremblay, John Madden) at 15:53
13. High Goats , Petteri Wirtanen 6 (Brendon Segal, Drayson Bowman) at 19:28

Penalties :
Jesse Winchester (Buc) for Fighting (Major) at 0:31, Nate Prosser (Cal) for Fighting (Major) at 0:31, Thomas Hickey (Buc) for Tripping (Minor) at 6:24, Noah Welch (Cal) for Hooking (Minor) at 6:24, Sami Lepisto (Buc) for Fighting (Major) at 14:24, T.J. Oshie (Cal) for Fighting (Major) at 14:24, Adam Pardy (Cal) for Roughing (Minor) at 17:09

Goalie Stats

Jonathan Bernier (Cal), 22 saves from 27 shots - (0,815), W, 25-12-6, 60:00 minutes
Al Montoya (Buc), 23 saves from 27 shots - (0,852), L, 12-12-2, 37:54 minutes
Jean-Sébastien Aubin (Buc), 9 saves from 13 shots - (0,692), 22:06 minutes

Players Stats for Princes

Player Name              G  A  P  +/- PIM S  H  SB GA TA FO     MP     PP MP  PK MP  
------------------------------------------------------------------------------------
Adam Pardy               0  0  0  -3  2   1  1  0  1  2  0/0    18:39   3:11   0:29 
Alexander Korolyuk       1  0  1   0  0   2  0  0  1  0  2/2    11:37   0:00   0:52 
Boyd Gordon              0  0  0  -1  0   3  2  0  0  0  14/26  17:37   5:09   0:07 
Brian McGrattan          0  0  0  -1  0   3  3  0  2  0  0/1    18:17   5:09   0:45 
Jason Strudwick          1  0  1   0  0   1  0  1  0  0  0/0    14:20   0:00   2:20 
John Madden              0  1  1   0  0   0  2  0  1  0  1/3     8:17   0:00   0:47 
Jonathan Tremblay        0  1  1   1  0   1  0  1  0  0  0/0     7:59   0:00   0:00 
Kevin Shattenkirk        1  0  1  -3  0   2  0  3  0  0  0/0    23:00   8:00   0:25 
Mason Raymond            1  0  1  -1  0   5  1  0  2  0  0/1    18:28   5:09   0:00 
Michael Haley            0  0  0   1  0   0  2  0  0  0  0/0     7:10   0:00   0:00 
Michael Nylander         1  2  3   0  0   2  3  0  0  0  18/32  21:32   5:47   2:19 
Nate Prosser             0  0  0   2  7   1  2  0  1  1  0/0    25:05   7:45   0:44 
Noah Welch               1  1  2   2  2   6  1  1  0  0  0/0    25:51   2:56   2:20 
P.J. Axelsson            0  0  0  -1  0   0  0  0  0  0  0/0     1:07   0:00   0:47 
Patric Hornqvist         1  3  4   0  0   6  0  0  0  1  0/0    19:13   5:47   0:00 
Rhett Warrener           0  0  0  -3  0   0  0  1  0  0  0/0     5:23   0:00   1:38 
Ryan Hollweg             1  4  5   0  0   2  1  0  1  1  3/4    20:50   5:47   2:19 
T.J. Oshie               0  1  1   0  5   4  2  1  1  1  0/1    10:37   0:00   0:00 
Theo Peckham             0  0  0   2  0   0  1  0  0  0  0/0     8:13   0:00   0:00 
Tyler Brenner            0  0  0   0  0   1  0  1  0  0  0/3    10:43   0:00   0:00 

Players Stats for High Goats

Player Name              G  A  P  +/- PIM S  H  SB GA TA FO     MP     PP MP  PK MP  
------------------------------------------------------------------------------------
Anton Stralman           0  1  1  -2  0   1  3  5  2  3  0/0    30:57   2:23   7:08 
Antti Laaksonen          0  2  2   0  0   2  1  1  0  1  4/4    21:13   2:22   4:09 
Arturs Kulda             0  1  1   3  0   0  1  0  0  0  0/0    19:28   1:35   3:48 
Brandon Bollig           0  0  0   0  0   1  0  0  0  0  0/0     8:45   0:00   0:00 
Brendon Segal            1  1  2   1  0   1  0  1  0  0  0/2     8:30   0:09   0:00 
Chris Stewart            1  1  2   0  0   2  2  0  0  1  0/1    25:12   2:22   6:38 
Craig Weller             1  0  1   0  0   3  1  1  0  1  1/1    12:32   0:00   3:41 
Drayson Bowman           0  1  1   1  5   0  0  0  0  0  1/1     6:44   0:00   0:04 
Frederic St-Denis        0  0  0   0  0   1  2  3  0  1  0/0    16:36   0:53   3:48 
Jesse Winchester         0  0  0   0  5   1  4  3  0  0  17/41  22:24   1:36   6:38 
Jiri Tlusty              0  0  0   0  0   1  0  0  0  0  1/2    15:51   1:36   0:37 
Joël Perrault            0  1  1   0  0   5  1  0  0  0  7/15   15:40   2:13   0:05 
Matt Taormina            0  0  0   1  0   0  0  0  0  0  0/0    10:19   0:00   0:00 
Nick Bonino              0  1  1   0  6   1  2  0  0  0  2/4     9:28   0:00   0:00 
Pavel Brendl             1  0  1   0  0   4  1  1  2  1  1/1    14:59   1:36   0:00 
Petteri Wirtanen         1  0  1   1  0   3  1  0  0  0  1/1     5:41   0:00   0:00 
Sami Lepisto             0  0  0  -2  5   0  2  8  2  2  0/0    27:41   1:15   7:08 
Thomas Hickey            0  0  0   2  2   1  1  0  0  0  0/0    14:58   1:50   0:00 

3 Stars

1 - Ryan Hollweg (Cal)
2 - Patric Hornqvist (Cal)
3 - Michael Nylander (Cal)

Power Play

Princes - 4 on 4 Attempt(s) - 100,00%
High Goats - 0 on 2 Attempt(s) - 0,00%

Penalty Kill

Princes - 2 on 2 Attempt(s) - 100,00% - Score 0 goal in Penalty Kill
High Goats - 0 on 4 Attempt(s) - 0,00% - Score 0 goal in Penalty Kill

Official

Referees : Walkom Stephen and Lee Chris
Linesman : Greg Devorski and Scott Driscoll

Game Notes

Al Montoya enters game at 2:06 of 2nd period
Nate Prosser beats up Jesse Winchester at 0:31 of 3rd period
T.J. Oshie beats up Sami Lepisto at 14:24 of 3rd period

Princes

5 vs 5 Forward 
   Center                   Left Wing                Right Wing               Time % Phy DF OF 
 1 Boyd Gordon              Mason Raymond            Brian McGrattan          35     1   2  2  
 2 Michael Nylander         Ryan Hollweg             Patric Hornqvist         35     1   1  3  
 3 Tyler Brenner            Alexander Korolyuk       T.J. Oshie               25     1   2  2  
 4 John Madden              Michael Haley            Jonathan Tremblay        5      2   1  2  

5 vs 5 Defense 
   Defense                  Defense                                           Time % Phy DF OF 
 1 Nate Prosser             Noah Welch                                        40     1   2  2  
 2 Adam Pardy               Kevin Shattenkirk                                 30     1   2  2  
 3 Jason Strudwick          Theo Peckham                                      20     1   2  2  
 4 Jason Strudwick          Rhett Warrener                                    10     1   2  2  

PowerPlay Forward 
   Center                   Left Wing                Right Wing               Time % Phy DF OF 
 1 Michael Nylander         Ryan Hollweg             Patric Hornqvist         60     0   1  4  
 2 Boyd Gordon              Mason Raymond            Brian McGrattan          40     0   1  4  

PowerPlay Defense
   Defense                  Defense                                           Time % Phy DF OF 
 1 Kevin Shattenkirk        Nate Prosser                                      60     0   2  3  
 2 Adam Pardy               Noah Welch                                        40     0   2  3  

Penalty Kill 4 Players Forward 
   Center                   Wing                     Time % Phy DF OF 
 1 Michael Nylander         Ryan Hollweg             60     1   3  1  
 2 John Madden              P.J. Axelsson            40     1   3  1  

Penalty Kill 4 Players Defense
   Defense                  Defense                  Time % Phy DF OF 
 1 Jason Strudwick          Noah Welch               60     1   3  1  
 2 Rhett Warrener           Adam Pardy               40     1   3  1  

Penalty Kill - 3 Players Forward 
   Forward                                           Time % Phy DF OF 
 1 P.J. Axelsson                                     60     1   2  2  
 2 Michael Nylander                                  40     1   2  2  

Penalty Kill - 3 Players Defense
   Defense                  Defense                  Time % Phy DF OF 
 1 Jason Strudwick          Noah Welch               60     1   2  2  
 2 Rhett Warrener           Adam Pardy               40     1   2  2  

4 vs 4 Forward 
   Center                   Wing                     Time % Phy DF OF 
 1 Michael Nylander         Patric Hornqvist         60     1   2  2  
 2 T.J. Oshie               Ryan Hollweg             40     1   2  2  

4 vs 4 Defense
   Defense                  Defense                  Time % Phy DF OF 
 1 Nate Prosser             Noah Welch               60     1   2  2  
 2 Adam Pardy               Kevin Shattenkirk        40     1   2  2  

Last Minutes Offensive
   Center                   Left Wing                Right Wing               Defense                  Defense                  
   Michael Nylander         Ryan Hollweg             Patric Hornqvist         Kevin Shattenkirk        Noah Welch               

Last Minutes Defensive
   Center                   Left Wing                Right Wing               Defense                  Defense                  
   Michael Nylander         P.J. Axelsson            Brian McGrattan          Jason Strudwick          Adam Pardy               

Goaltenders
Starting : Jonathan Bernier         
Backup : Richard Bachman          

Extra Forwards
Normal : Mason Raymond, T.J. Oshie, Jonathan Tremblay - PP : Alexander Korolyuk, T.J. Oshie - PK : Brian McGrattan
Extra Defensemen
Normal : Nate Prosser, Kevin Shattenkirk, Noah Welch - PP : Noah Welch - PK : Adam Pardy, Nate Prosser
Penalty Shots
Ryan Hollweg, Michael Nylander, Brian McGrattan, Patric Hornqvist, Alexander Korolyuk

High Goats

5 vs 5 Forward 
   Center                   Left Wing                Right Wing               Time % Phy DF OF 
 1 Jesse Winchester         Antti Laaksonen          Chris Stewart            40     1   2  2  
 2 Joël Perrault            Jiri Tlusty              Pavel Brendl             30     1   2  2  
 3 Nick Bonino              Brandon Bollig           Craig Weller             20     1   2  2  
 4 Petteri Wirtanen         Drayson Bowman           Brendon Segal            10     1   2  2  

5 vs 5 Defense 
   Defense                  Defense                                           Time % Phy DF OF 
 1 Sami Lepisto             Anton Stralman                                    40     1   2  2  
 2 Thomas Hickey            Arturs Kulda                                      30     1   2  2  
 3 Frederic St-Denis        Matt Taormina                                     20     1   2  2  
 4 Sami Lepisto             Anton Stralman                                    10     1   2  2  

PowerPlay Forward 
   Center                   Left Wing                Right Wing               Time % Phy DF OF 
 1 Joël Perrault            Antti Laaksonen          Chris Stewart            60     1   2  2  
 2 Jesse Winchester         Jiri Tlusty              Pavel Brendl             40     1   2  2  

PowerPlay Defense
   Defense                  Defense                                           Time % Phy DF OF 
 1 Sami Lepisto             Anton Stralman                                    60     1   2  2  
 2 Thomas Hickey            Arturs Kulda                                      40     1   2  2  

Penalty Kill 4 Players Forward 
   Center                   Wing                     Time % Phy DF OF 
 1 Jesse Winchester         Chris Stewart            60     1   2  2  
 2 Antti Laaksonen          Craig Weller             40     1   2  2  

Penalty Kill 4 Players Defense
   Defense                  Defense                  Time % Phy DF OF 
 1 Sami Lepisto             Anton Stralman           60     1   2  2  
 2 Frederic St-Denis        Arturs Kulda             40     1   2  2  

Penalty Kill - 3 Players Forward 
   Forward                                           Time % Phy DF OF 
 1 Pavel Brendl                                      60     1   2  2  
 2 Chris Stewart                                     40     1   2  2  

Penalty Kill - 3 Players Defense
   Defense                  Defense                  Time % Phy DF OF 
 1 Sami Lepisto             Anton Stralman           60     1   2  2  
 2 Frederic St-Denis        Arturs Kulda             40     1   2  2  

4 vs 4 Forward 
   Center                   Wing                     Time % Phy DF OF 
 1 Jesse Winchester         Chris Stewart            60     1   2  2  
 2 Joël Perrault            Pavel Brendl             40     1   2  2  

4 vs 4 Defense
   Defense                  Defense                  Time % Phy DF OF 
 1 Sami Lepisto             Anton Stralman           60     1   2  2  
 2 Thomas Hickey            Arturs Kulda             40     1   2  2  

Last Minutes Offensive
   Center                   Left Wing                Right Wing               Defense                  Defense                  
   Jesse Winchester         Antti Laaksonen          Chris Stewart            Sami Lepisto             Anton Stralman           

Last Minutes Defensive
   Center                   Left Wing                Right Wing               Defense                  Defense                  
   Jesse Winchester         Antti Laaksonen          Chris Stewart            Sami Lepisto             Anton Stralman           

Goaltenders
Starting : Jean-Sébastien Aubin     
Backup : Al Montoya               

Extra Forwards
Normal : Brendon Segal, Nick Bonino, Jiri Tlusty - PP : Brendon Segal, Nick Bonino - PK : Jiri Tlusty
Extra Defensemen
Normal : Frederic St-Denis, Thomas Hickey, Matt Taormina - PP : Frederic St-Denis - PK : Thomas Hickey, Matt Taormina
Penalty Shots
Pavel Brendl, Chris Stewart, Antti Laaksonen, Craig Weller, Joël Perrault

% Time on Ice - Princes

Lines # - Real PCT - Wanted PCT - Time Play
Normal Forward
1 - 29% - 35% - 12:43
2 - 29% - 35% - 12:31
3 - 25% - 25% - 10:43
4 - 17% - 5% - 7:10
Normal Defense
1 - 43% - 40% - 18:44
2 - 30% - 30% - 13:00
3 - 19% - 20% - 8:13
4 - 7% - 10% - 3:10
PP Forward
1 - 53% - 60% - 5:47
2 - 47% - 40% - 5:09
PP Defense
1 - 73% - 60% - 8:00
2 - 27% - 40% - 2:56
PK Forward
1 - 80% - 60% - 3:11
2 - 20% - 40% - 0:47
PK Defense
1 - 59% - 60% - 2:20
2 - 41% - 40% - 1:38
PK3 Forward
1 - 0% - 60%
2 - 0% - 40%
PK3 Defense
1 - 0% - 60%
2 - 0% - 40%
44 Forward
1 - 78% - 60% - 1:33
2 - 22% - 40% - 0:26
44 Defense
1 - 100% - 60% - 1:59
2 - 0% - 40% - 0:00
Last Minute Offensive  - 0:00
Last Minute Defensive  - 0:00
Total
Forward - 60:00
Defense - 60:00

% Time on Ice - High Goats

Lines # - Real PCT - Wanted PCT - Time Play
Normal Forward
1 - 36% - 40% - 15:36
2 - 30% - 30% - 13:05
3 - 20% - 20% - 8:45
4 - 13% - 10% - 5:41
Normal Defense
1 - 43% - 40% - 18:32
2 - 32% - 30% - 13:49
3 - 21% - 20% - 9:06
4 - 4% - 10% - 1:40
PP Forward
1 - 60% - 60% - 2:22
2 - 40% - 40% - 1:36
PP Defense
1 - 60% - 60% - 2:23
2 - 40% - 40% - 1:35
PK Forward
1 - 66% - 60% - 7:15
2 - 34% - 40% - 3:41
PK Defense
1 - 65% - 60% - 7:08
2 - 35% - 40% - 3:48
PK3 Forward
1 - 0% - 60%
2 - 0% - 40%
PK3 Defense
1 - 0% - 60%
2 - 0% - 40%
44 Forward
1 - 80% - 60% - 1:35
2 - 20% - 40% - 0:24
44 Defense
1 - 62% - 60% - 1:14
2 - 38% - 40% - 0:45
Last Minute Offensive  - 0:00
Last Minute Defensive  - 0:00
Total
Forward - 60:00
Defense - 60:00

Play by Play

1st period


0:01 of 1st period - Boyd Gordon wins face-off versus Jesse Winchester in neutral zone.
0:44 of 1st period - Minor Penalty to Nick Bonino for Holding.
0:45 of 1st period - Michael Nylander wins face-off versus Jesse Winchester in High Goats zone.
0:55 of 1st period - Off-side.
0:56 of 1st period - Jesse Winchester wins face-off versus Michael Nylander in neutral zone.
1:25 of 1st period - Anton Stralman is hit by Brian McGrattan and loses puck.
2:44 of 1st period - Penalty to Nick Bonino is over, Nick Bonino is back on ice.
3:19 of 1st period - Petteri Wirtanen is hit by Theo Peckham and loses puck.
4:07 of 1st period - Snap shot by Antti Laaksonen.
4:07 of 1st period - Shot Misses the Net.
5:20 of 1st period - Wrist shot by Ryan Hollweg.
5:20 of 1st period - Shot Misses the Net.
5:50 of 1st period - Slapshot by Sami Lepisto.
5:50 of 1st period - Shot Blocked by Noah Welch.
5:52 of 1st period - Slapshot by Arturs Kulda.
5:52 of 1st period - Shot Misses the Net.
6:10 of 1st period - Wrist shot by Jonathan Tremblay.
6:10 of 1st period - Shot Blocked by Sami Lepisto.
6:12 of 1st period - Slapshot by Noah Welch.
6:12 of 1st period - Shot Blocked by Sami Lepisto.
6:14 of 1st period - Slapshot by Nate Prosser.
6:14 of 1st period - Shot Blocked by Sami Lepisto.
6:16 of 1st period - Backhand shot by Noah Welch.
6:16 of 1st period - Stopped by Jean-Sébastien Aubin with a rebound.
6:18 of 1st period - Slapshot by Noah Welch.
6:18 of 1st period - Shot Blocked by Antti Laaksonen.
6:20 of 1st period - Slapshot by John Madden.
6:20 of 1st period - Shot Misses the Net.
6:22 of 1st period - Slapshot by Nate Prosser.
6:22 of 1st period - Shot Blocked by Sami Lepisto.
6:30 of 1st period - Wrist shot by John Madden.
6:30 of 1st period - Shot Misses the Net.
6:38 of 1st period - Slapshot by Noah Welch.
6:38 of 1st period - Shot Blocked by Jesse Winchester.
6:46 of 1st period - Snap shot by Noah Welch.
6:46 of 1st period - Deflect By Jonathan Tremblay.
6:46 of 1st period - Stopped by Jean-Sébastien Aubin with a rebound.
6:48 of 1st period - Snap shot by John Madden.
6:48 of 1st period - Shot Misses the Net.
6:50 of 1st period - Slapshot by Nate Prosser.
6:50 of 1st period - Stopped by Jean-Sébastien Aubin without a rebound.
6:51 of 1st period - Joël Perrault wins face-off versus Boyd Gordon in High Goats zone.
7:16 of 1st period - Craig Weller is hit by Michael Nylander and loses puck.
7:23 of 1st period - Snap shot by Patric Hornqvist.
7:23 of 1st period - Stopped by Jean-Sébastien Aubin with a rebound.
7:25 of 1st period - Wrist shot by Patric Hornqvist.
7:25 of 1st period - Goal by Patric Hornqvist - Princes : 1 - High Goats : 0.
7:26 of 1st period - Jesse Winchester wins face-off versus Michael Nylander in neutral zone.
8:06 of 1st period - Wrist shot by Antti Laaksonen.
8:06 of 1st period - Deflect By Michael Nylander.
8:06 of 1st period - Stopped by Jonathan Bernier without a rebound.
8:07 of 1st period - Boyd Gordon wins face-off versus Joël Perrault in Princes zone.
9:00 of 1st period - Snap shot by Petteri Wirtanen.
9:00 of 1st period - Stopped by Jonathan Bernier with a rebound.
9:02 of 1st period - Snap shot by Petteri Wirtanen.
9:02 of 1st period - Stopped by Jonathan Bernier with a rebound.
9:04 of 1st period - Slapshot by Thomas Hickey.
9:04 of 1st period - Stopped by Jonathan Bernier with a rebound.
9:21 of 1st period - Adam Pardy is hit by Chris Stewart and loses puck.
9:56 of 1st period - Minor Penalty to Nick Bonino for Tripping.
9:57 of 1st period - Michael Nylander wins face-off versus Jesse Winchester in High Goats zone.
10:00 of 1st period - Snap shot by Patric Hornqvist.
10:00 of 1st period - Shot Blocked by Anton Stralman.
10:32 of 1st period - Snap shot by Brian McGrattan.
10:32 of 1st period - Shot Misses the Net.
11:56 of 1st period - Penalty to Nick Bonino is over, Nick Bonino is back on ice.
12:34 of 1st period - Snap shot by Joël Perrault.
12:34 of 1st period - Stopped by Jonathan Bernier with a rebound.
12:36 of 1st period - Snap shot by Joël Perrault.
12:36 of 1st period - Stopped by Jonathan Bernier without a rebound.
12:37 of 1st period - John Madden wins face-off versus Nick Bonino in Princes zone.
12:47 of 1st period - Snap shot by Craig Weller.
12:47 of 1st period - Shot Blocked by Jonathan Tremblay.
12:49 of 1st period - Slapshot by Sami Lepisto.
12:49 of 1st period - Shot Misses the Net.
12:51 of 1st period - Slapshot by Anton Stralman.
12:51 of 1st period - Deflect By Brandon Bollig.
12:51 of 1st period - Shot Misses the Net.
12:51 of 1st period - Puck is out of play.
12:52 of 1st period - Boyd Gordon wins face-off versus Jesse Winchester in Princes zone.
13:43 of 1st period - Jason Strudwick is hit by Craig Weller and loses puck.
14:30 of 1st period - Boyd Gordon is hit by Chris Stewart and loses puck.
14:45 of 1st period - Anton Stralman is hit by Michael Nylander and loses puck.
15:42 of 1st period - Snap shot by Alexander Korolyuk.
15:42 of 1st period - Deflect By T.J. Oshie.
15:42 of 1st period - Stopped by Jean-Sébastien Aubin without a rebound.
15:43 of 1st period - Boyd Gordon wins face-off versus Jesse Winchester in High Goats zone.
15:46 of 1st period - Wrist shot by Brian McGrattan.
15:46 of 1st period - Stopped by Jean-Sébastien Aubin with a rebound.
16:29 of 1st period - Noah Welch is hit by Anton Stralman and loses puck.
17:07 of 1st period - Snap shot by Brendon Segal.
17:07 of 1st period - Goal by Brendon Segal - Princes : 1 - High Goats : 1.
17:08 of 1st period - Jesse Winchester wins face-off versus Boyd Gordon in neutral zone.
17:58 of 1st period - Frederic St-Denis is hit by Michael Haley and loses puck.
18:20 of 1st period - Major Penalty to Drayson Bowman for Kneeing.
18:21 of 1st period - Jesse Winchester wins face-off versus Michael Nylander in High Goats zone.
18:26 of 1st period - Sami Lepisto is hit by Ryan Hollweg and loses puck.
18:50 of 1st period - Wrist shot by Boyd Gordon.
18:50 of 1st period - Stopped by Jean-Sébastien Aubin without a rebound.
18:51 of 1st period - Antti Laaksonen wins face-off versus Michael Nylander in High Goats zone.
19:17 of 1st period - Antti Laaksonen is hit by Boyd Gordon and loses puck.
19:22 of 1st period - Slapshot by Mason Raymond.
19:22 of 1st period - Stopped by Jean-Sébastien Aubin without a rebound.
19:23 of 1st period - Jesse Winchester wins face-off versus Michael Nylander in High Goats zone.
19:30 of 1st period - Wrist shot by Ryan Hollweg.
19:30 of 1st period - Shot Hit the Post.
19:32 of 1st period - Slapshot by Noah Welch.
19:32 of 1st period - Goal by Noah Welch - Princes : 2 - High Goats : 1.
19:33 of 1st period - Jesse Winchester wins face-off versus Michael Nylander in neutral zone.
19:58 of 1st period - Anton Stralman is hit by Boyd Gordon and loses puck.

2nd period


0:01 of 2nd period - Michael Nylander wins face-off versus Jesse Winchester in neutral zone.
0:35 of 2nd period - Snap shot by Mason Raymond.
0:35 of 2nd period - Stopped by Jean-Sébastien Aubin without a rebound.
0:36 of 2nd period - Ryan Hollweg wins face-off versus Jesse Winchester in High Goats zone.
1:02 of 2nd period - Wrist shot by Kevin Shattenkirk.
1:02 of 2nd period - Shot Blocked by Frederic St-Denis.
1:13 of 2nd period - Off-side.
1:14 of 2nd period - Antti Laaksonen wins face-off versus Michael Nylander in neutral zone.
1:25 of 2nd period - Slapshot by Patric Hornqvist.
1:25 of 2nd period - Shot Hit the Post.
1:27 of 2nd period - Slapshot by Kevin Shattenkirk.
1:27 of 2nd period - Goal by Kevin Shattenkirk - Princes : 3 - High Goats : 1.
1:28 of 2nd period - Michael Nylander wins face-off versus Jesse Winchester in neutral zone.
1:51 of 2nd period - Nate Prosser is hit by Antti Laaksonen and loses puck.
2:02 of 2nd period - Wrist shot by Patric Hornqvist.
2:02 of 2nd period - Shot Blocked by Anton Stralman.
2:04 of 2nd period - Wrist shot by Michael Nylander.
2:04 of 2nd period - Shot Misses the Net.
2:06 of 2nd period - Wrist shot by Michael Nylander.
2:06 of 2nd period - Goal by Michael Nylander - Princes : 4 - High Goats : 1.
2:06 of 2nd period - Al Montoya enters game.
2:07 of 2nd period - Boyd Gordon wins face-off versus Jesse Winchester in neutral zone.
2:14 of 2nd period - Wrist shot by Boyd Gordon.
2:14 of 2nd period - Stopped by Al Montoya without a rebound.
2:15 of 2nd period - Jesse Winchester wins face-off versus Mason Raymond in High Goats zone.
2:28 of 2nd period - Wrist shot by Boyd Gordon.
2:28 of 2nd period - Shot Blocked by Anton Stralman.
2:30 of 2nd period - Snap shot by Mason Raymond.
2:30 of 2nd period - Shot Blocked by Anton Stralman.
2:50 of 2nd period - Snap shot by Ryan Hollweg.
2:50 of 2nd period - Goal by Ryan Hollweg - Princes : 5 - High Goats : 1.
2:51 of 2nd period - Ryan Hollweg wins face-off versus Jesse Winchester in neutral zone.
3:16 of 2nd period - Anton Stralman is hit by Mason Raymond and loses puck.
3:20 of 2nd period - Penalty to Drayson Bowman is over, Drayson Bowman is back on ice.
4:12 of 2nd period - Slapshot by Sami Lepisto.
4:12 of 2nd period - Deflect By Pavel Brendl.
4:12 of 2nd period - Shot Misses the Net.
4:12 of 2nd period - Puck is out of play.
4:13 of 2nd period - Boyd Gordon wins face-off versus Jiri Tlusty in Princes zone.
4:13 of 2nd period - Boyd Gordon is hit by Arturs Kulda.
4:27 of 2nd period - Wrist shot by Joël Perrault.
4:27 of 2nd period - Deflect By Pavel Brendl.
4:27 of 2nd period - Stopped by Jonathan Bernier with a rebound.
4:43 of 2nd period - Frederic St-Denis is hit by Michael Nylander.
5:07 of 2nd period - Slapshot by Kevin Shattenkirk.
5:07 of 2nd period - Shot Blocked by Frederic St-Denis.
5:23 of 2nd period - Wrist shot by Joël Perrault.
5:23 of 2nd period - Stopped by Jonathan Bernier with a rebound.
5:25 of 2nd period - Slapshot by Matt Taormina.
5:25 of 2nd period - Shot Blocked by T.J. Oshie.
5:27 of 2nd period - Slapshot by Frederic St-Denis.
5:27 of 2nd period - Stopped by Jonathan Bernier without a rebound.
5:28 of 2nd period - Nick Bonino wins face-off versus Boyd Gordon in Princes zone.
5:29 of 2nd period - Slapshot by Craig Weller.
5:29 of 2nd period - Shot Blocked by Jason Strudwick.
5:31 of 2nd period - Slapshot by Arturs Kulda.
5:31 of 2nd period - Deflect By Craig Weller.
5:31 of 2nd period - Goal by Craig Weller - Princes : 5 - High Goats : 2.
5:32 of 2nd period - Boyd Gordon wins face-off versus Jesse Winchester in neutral zone.
5:43 of 2nd period - Anton Stralman is hit by Nate Prosser and loses puck.
6:28 of 2nd period - Wrist shot by Alexander Korolyuk.
6:28 of 2nd period - Stopped by Al Montoya without a rebound.
6:29 of 2nd period - Antti Laaksonen wins face-off versus Boyd Gordon in High Goats zone.
6:31 of 2nd period - Icing by Jesse Winchester.
6:32 of 2nd period - Boyd Gordon wins face-off versus Jesse Winchester in High Goats zone.
6:33 of 2nd period - Snap shot by Mason Raymond.
6:33 of 2nd period - Shot Misses the Net.
6:35 of 2nd period - Wrist shot by Boyd Gordon.
6:35 of 2nd period - Stopped by Al Montoya with a rebound.
6:39 of 2nd period - Slapshot by Kevin Shattenkirk.
6:39 of 2nd period - Shot Misses the Net.
6:41 of 2nd period - Wrist shot by Adam Pardy.
6:41 of 2nd period - Shot Blocked by Jesse Winchester.
6:45 of 2nd period - Slapshot by Mason Raymond.
6:45 of 2nd period - Stopped by Al Montoya without a rebound.
6:46 of 2nd period - Michael Nylander wins face-off versus Jesse Winchester in High Goats zone.
6:47 of 2nd period - Slapshot by Ryan Hollweg.
6:47 of 2nd period - Deflect By Patric Hornqvist.
6:47 of 2nd period - Shot Blocked by Anton Stralman.
6:47 of 2nd period - Puck is out of play.
6:48 of 2nd period - Michael Nylander wins face-off versus Jesse Winchester in High Goats zone.
7:16 of 2nd period - Off-side.
7:17 of 2nd period - Joël Perrault wins face-off versus Boyd Gordon in neutral zone.
7:34 of 2nd period - Wrist shot by Joël Perrault.
7:34 of 2nd period - Stopped by Jonathan Bernier without a rebound.
7:35 of 2nd period - Jesse Winchester wins face-off versus Michael Nylander in Princes zone.
7:54 of 2nd period - Ryan Hollweg is hit by Jesse Winchester and loses puck.
8:05 of 2nd period - Wrist shot by Mason Raymond.
8:05 of 2nd period - Goal by Mason Raymond - Princes : 6 - High Goats : 2.
8:06 of 2nd period - Boyd Gordon wins face-off versus Jesse Winchester in neutral zone.
8:10 of 2nd period - Off-side.
8:11 of 2nd period - Jesse Winchester wins face-off versus Boyd Gordon in neutral zone.
8:18 of 2nd period - Snap shot by Antti Laaksonen.
8:18 of 2nd period - Shot Misses the Net.
9:08 of 2nd period - Tyler Brenner is hit by Sami Lepisto and loses puck.
9:10 of 2nd period - Minor Penalty to Nate Prosser for Slashing.
9:11 of 2nd period - Michael Nylander wins face-off versus Joël Perrault in Princes zone.
9:22 of 2nd period - Snap shot by Michael Nylander.
9:22 of 2nd period - Stopped by Al Montoya without a rebound.
9:23 of 2nd period - Joël Perrault wins face-off versus Michael Nylander in High Goats zone.
9:36 of 2nd period - Snap shot by Antti Laaksonen.
9:36 of 2nd period - Stopped by Jonathan Bernier with a rebound.
9:38 of 2nd period - Snap shot by Anton Stralman.
9:38 of 2nd period - Stopped by Jonathan Bernier without a rebound.
9:39 of 2nd period - Michael Nylander wins face-off versus Joël Perrault in Princes zone.
9:39 of 2nd period - Michael Nylander is hit by Joël Perrault.
10:07 of 2nd period - Snap shot by Pavel Brendl.
10:07 of 2nd period - Shot Misses the Net.
11:00 of 2nd period - Brian McGrattan is hit by Jesse Winchester and loses puck.
11:10 of 2nd period - Penalty to Nate Prosser is over, Nate Prosser is back on ice.
11:33 of 2nd period - Thomas Hickey is hit by Noah Welch and loses puck.
12:01 of 2nd period - Brendon Segal is hit by Brian McGrattan and loses puck.
12:46 of 2nd period - Mason Raymond is hit by Sami Lepisto and loses puck.
12:59 of 2nd period - Snap shot by Alexander Korolyuk.
12:59 of 2nd period - Goal by Alexander Korolyuk - Princes : 7 - High Goats : 2.
13:00 of 2nd period - Michael Nylander wins face-off versus Jesse Winchester in neutral zone.
13:30 of 2nd period - Snap shot by Brian McGrattan.
13:30 of 2nd period - Stopped by Al Montoya with a rebound.
13:45 of 2nd period - Minor Penalty to Nick Bonino for Charging.
13:46 of 2nd period - Michael Nylander wins face-off versus Jesse Winchester in High Goats zone.
13:57 of 2nd period - Slapshot by Patric Hornqvist.
13:57 of 2nd period - Shot Misses the Net.
14:07 of 2nd period - Michael Nylander is hit by Jesse Winchester and loses puck.
14:20 of 2nd period - Snap shot by Boyd Gordon.
14:20 of 2nd period - Shot Misses the Net.
15:19 of 2nd period - Slapshot by Kevin Shattenkirk.
15:19 of 2nd period - Stopped by Al Montoya with a rebound.
15:45 of 2nd period - Penalty to Nick Bonino is over, Nick Bonino is back on ice.
15:59 of 2nd period - Snap shot by Michael Nylander.
15:59 of 2nd period - Shot Misses the Net.
16:09 of 2nd period - Snap shot by Joël Perrault.
16:09 of 2nd period - Shot Misses the Net.
16:21 of 2nd period - Petteri Wirtanen is hit by John Madden and loses puck.
16:28 of 2nd period - Wrist shot by John Madden.
16:28 of 2nd period - Shot Blocked by Craig Weller.
17:00 of 2nd period - Snap shot by Brendon Segal.
17:00 of 2nd period - Deflect By Petteri Wirtanen.
17:00 of 2nd period - Shot Misses the Net.
17:00 of 2nd period - Puck is out of play.
17:01 of 2nd period - Petteri Wirtanen wins face-off versus T.J. Oshie in Princes zone.
17:12 of 2nd period - Jason Strudwick is hit by Thomas Hickey.
17:22 of 2nd period - Backhand shot by T.J. Oshie.
17:22 of 2nd period - Stopped by Al Montoya without a rebound.
17:23 of 2nd period - Jesse Winchester wins face-off versus Michael Nylander in High Goats zone.
17:46 of 2nd period - Icing by Antti Laaksonen.
17:47 of 2nd period - Jiri Tlusty wins face-off versus Tyler Brenner in High Goats zone.
18:02 of 2nd period - Slapshot by Pavel Brendl.
18:02 of 2nd period - Shot Blocked by Tyler Brenner.
18:21 of 2nd period - Wrist shot by Mason Raymond.
18:21 of 2nd period - Shot Blocked by Jesse Winchester.
18:37 of 2nd period - Slapshot by Patric Hornqvist.
18:37 of 2nd period - Stopped by Al Montoya with a rebound.
18:55 of 2nd period - Slapshot by Petteri Wirtanen.
18:55 of 2nd period - Shot Misses the Net.
18:57 of 2nd period - Slapshot by Arturs Kulda.
18:57 of 2nd period - Shot Blocked by Kevin Shattenkirk.
18:59 of 2nd period - Backhand shot by Drayson Bowman.
18:59 of 2nd period - Shot Misses the Net.
19:01 of 2nd period - Snap shot by Arturs Kulda.
19:01 of 2nd period - Shot Misses the Net.
19:03 of 2nd period - Snap shot by Petteri Wirtanen.
19:03 of 2nd period - Shot Misses the Net.
19:23 of 2nd period - Backhand shot by Kevin Shattenkirk.
19:23 of 2nd period - Shot Blocked by Sami Lepisto.

3rd period


0:01 of 3rd period - Michael Nylander wins face-off versus Jesse Winchester in neutral zone.
0:28 of 3rd period - Snap shot by Pavel Brendl.
0:28 of 3rd period - Stopped by Jonathan Bernier without a rebound.
0:29 of 3rd period - Joël Perrault wins face-off versus Boyd Gordon in Princes zone.
0:30 of 3rd period - Snap shot by Pavel Brendl.
0:30 of 3rd period - Goal by Pavel Brendl - Princes : 7 - High Goats : 3.
0:31 of 3rd period - Boyd Gordon wins face-off versus Jesse Winchester in neutral zone.
0:31 of 3rd period - Nate Prosser beats up Jesse Winchester.
0:31 of 3rd period - Penalty to Jesse Winchester for Fighting.
0:31 of 3rd period - Penalty to Nate Prosser for Fighting.
0:32 of 3rd period - Boyd Gordon wins face-off versus Brendon Segal in neutral zone.
0:43 of 3rd period - Slapshot by Boyd Gordon.
0:43 of 3rd period - Shot Misses the Net.
1:32 of 3rd period - Off-side.
1:33 of 3rd period - Pavel Brendl wins face-off versus John Madden in neutral zone.
1:58 of 3rd period - Mason Raymond is hit by Nick Bonino.
2:18 of 3rd period - Slapshot by Alexander Korolyuk.
2:18 of 3rd period - Shot Misses the Net.
2:24 of 3rd period - Snap shot by T.J. Oshie.
2:24 of 3rd period - Stopped by Al Montoya without a rebound.
2:25 of 3rd period - Drayson Bowman wins face-off versus Tyler Brenner in High Goats zone.
2:25 of 3rd period - Drayson Bowman is hit by T.J. Oshie.
2:31 of 3rd period - Wrist shot by T.J. Oshie.
2:31 of 3rd period - Shot Blocked by Sami Lepisto.
2:37 of 3rd period - Snap shot by T.J. Oshie.
2:37 of 3rd period - Stopped by Al Montoya without a rebound.
2:38 of 3rd period - Ryan Hollweg wins face-off versus Joël Perrault in High Goats zone.
3:03 of 3rd period - Sami Lepisto is hit by T.J. Oshie and loses puck.
3:10 of 3rd period - Snap shot by T.J. Oshie.
3:10 of 3rd period - Shot Misses the Net.
3:12 of 3rd period - Snap shot by Noah Welch.
3:12 of 3rd period - Shot Misses the Net.
3:50 of 3rd period - Arturs Kulda is hit by Brian McGrattan and loses puck.
4:08 of 3rd period - Wrist shot by Brian McGrattan.
4:08 of 3rd period - Shot Misses the Net.
4:10 of 3rd period - Slapshot by Theo Peckham.
4:10 of 3rd period - Shot Misses the Net.
4:12 of 3rd period - Snap shot by Mason Raymond.
4:12 of 3rd period - Stopped by Al Montoya with a rebound.
4:14 of 3rd period - Snap shot by Brian McGrattan.
4:14 of 3rd period - Stopped by Al Montoya without a rebound.
4:15 of 3rd period - Michael Nylander wins face-off versus Brendon Segal in High Goats zone.
4:18 of 3rd period - Slapshot by Ryan Hollweg.
4:18 of 3rd period - Stopped by Al Montoya without a rebound.
4:19 of 3rd period - Antti Laaksonen wins face-off versus Michael Nylander in High Goats zone.
4:46 of 3rd period - Noah Welch is hit by Frederic St-Denis and loses puck.
4:51 of 3rd period - Wrist shot by Joël Perrault.
4:51 of 3rd period - Shot Misses the Net.
4:53 of 3rd period - Wrist shot by Jiri Tlusty.
4:53 of 3rd period - Stopped by Jonathan Bernier with a rebound.
4:55 of 3rd period - Wrist shot by Pavel Brendl.
4:55 of 3rd period - Shot Blocked by Kevin Shattenkirk.
4:57 of 3rd period - Wrist shot by Joël Perrault.
4:57 of 3rd period - Shot Misses the Net.
5:13 of 3rd period - Nick Bonino is hit by Michael Haley.
5:37 of 3rd period - Sami Lepisto is hit by John Madden.
5:43 of 3rd period - Icing by Jonathan Tremblay.
5:44 of 3rd period - Jesse Winchester wins face-off versus John Madden in Princes zone.
5:45 of 3rd period - Wrist shot by Chris Stewart.
5:45 of 3rd period - Shot Misses the Net.
5:47 of 3rd period - Wrist shot by Chris Stewart.
5:47 of 3rd period - Stopped by Jonathan Bernier with a rebound.
5:57 of 3rd period - Slapshot by Noah Welch.
5:57 of 3rd period - Stopped by Al Montoya with a rebound.
6:24 of 3rd period - Minor Penalty to Thomas Hickey for Tripping.
6:24 of 3rd period - Minor Penalty to Noah Welch for Hooking.
6:25 of 3rd period - Jesse Winchester wins face-off versus Michael Nylander in High Goats zone.
6:37 of 3rd period - Snap shot by Jesse Winchester.
6:37 of 3rd period - Stopped by Jonathan Bernier without a rebound.
6:38 of 3rd period - Michael Nylander wins face-off versus Jesse Winchester in Princes zone.
6:53 of 3rd period - Snap shot by Jesse Winchester.
6:53 of 3rd period - Shot Misses the Net.
7:05 of 3rd period - Michael Nylander is hit by Anton Stralman and loses puck.
7:33 of 3rd period - Ryan Hollweg is hit by Pavel Brendl and loses puck.
8:23 of 3rd period - Jiri Tlusty is hit by Adam Pardy and loses puck.
8:24 of 3rd period - Penalty to Thomas Hickey is over, Thomas Hickey is back on ice.
8:24 of 3rd period - Penalty to Noah Welch is over, Noah Welch is back on ice.
8:32 of 3rd period - Wrist shot by Noah Welch.
8:32 of 3rd period - Shot Misses the Net.
8:34 of 3rd period - Snap shot by Adam Pardy.
8:34 of 3rd period - Stopped by Al Montoya with a rebound.
8:36 of 3rd period - Slapshot by Nate Prosser.
8:36 of 3rd period - Deflect By T.J. Oshie.
8:36 of 3rd period - Shot Blocked by Brendon Segal.
8:36 of 3rd period - Puck is out of play.
8:37 of 3rd period - Boyd Gordon wins face-off versus Nick Bonino in High Goats zone.
8:38 of 3rd period - Wrist shot by Mason Raymond.
8:38 of 3rd period - Shot Misses the Net.
8:50 of 3rd period - Slapshot by Craig Weller.
8:50 of 3rd period - Stopped by Jonathan Bernier with a rebound.
8:52 of 3rd period - Snap shot by Brandon Bollig.
8:52 of 3rd period - Stopped by Jonathan Bernier without a rebound.
8:53 of 3rd period - Michael Nylander wins face-off versus Jesse Winchester in Princes zone.
8:53 of 3rd period - Michael Nylander is hit by Anton Stralman.
9:07 of 3rd period - Snap shot by Patric Hornqvist.
9:07 of 3rd period - Stopped by Al Montoya with a rebound.
9:33 of 3rd period - Slapshot by Craig Weller.
9:33 of 3rd period - Stopped by Jonathan Bernier without a rebound.
9:34 of 3rd period - Joël Perrault wins face-off versus Boyd Gordon in Princes zone.
9:38 of 3rd period - Icing by Adam Pardy.
9:39 of 3rd period - Joël Perrault wins face-off versus Boyd Gordon in Princes zone.
10:52 of 3rd period - Off-side.
10:53 of 3rd period - Alexander Korolyuk wins face-off versus Joël Perrault in neutral zone.
11:10 of 3rd period - Noah Welch is hit by Frederic St-Denis and loses puck.
11:40 of 3rd period - Wrist shot by Pavel Brendl.
11:40 of 3rd period - Stopped by Jonathan Bernier with a rebound.
11:42 of 3rd period - Snap shot by Joël Perrault.
11:42 of 3rd period - Stopped by Jonathan Bernier without a rebound.
11:43 of 3rd period - Jesse Winchester wins face-off versus Michael Nylander in Princes zone.
11:56 of 3rd period - Snap shot by Patric Hornqvist.
11:56 of 3rd period - Stopped by Al Montoya without a rebound.
11:57 of 3rd period - Jesse Winchester wins face-off versus Boyd Gordon in High Goats zone.
12:13 of 3rd period - Off-side.
12:14 of 3rd period - Michael Nylander wins face-off versus Joël Perrault in neutral zone.
12:16 of 3rd period - Off-side.
12:17 of 3rd period - Joël Perrault wins face-off versus Ryan Hollweg in neutral zone.
12:42 of 3rd period - Wrist shot by Alexander Korolyuk.
12:42 of 3rd period - Shot Blocked by Sami Lepisto.
12:44 of 3rd period - Wrist shot by Alexander Korolyuk.
12:44 of 3rd period - Shot Misses the Net.
12:46 of 3rd period - Slapshot by Noah Welch.
12:46 of 3rd period - Deflect By Joël Perrault.
12:46 of 3rd period - Stopped by Al Montoya with a rebound.
12:48 of 3rd period - Snap shot by Noah Welch.
12:48 of 3rd period - Shot Blocked by Sami Lepisto.
12:50 of 3rd period - Slapshot by Nate Prosser.
12:50 of 3rd period - Shot Blocked by Pavel Brendl.
12:52 of 3rd period - Snap shot by Tyler Brenner.
12:52 of 3rd period - Stopped by Al Montoya without a rebound.
12:53 of 3rd period - Michael Nylander wins face-off versus Chris Stewart in High Goats zone.
13:20 of 3rd period - Boyd Gordon is hit by Nick Bonino and loses puck.
13:25 of 3rd period - Backhand shot by Craig Weller.
13:25 of 3rd period - Deflect By Nick Bonino.
13:25 of 3rd period - Stopped by Jonathan Bernier without a rebound.
13:26 of 3rd period - Michael Nylander wins face-off versus Joël Perrault in Princes zone.
14:05 of 3rd period - Icing by Jesse Winchester.
14:06 of 3rd period - Alexander Korolyuk wins face-off versus Jesse Winchester in High Goats zone.
14:13 of 3rd period - Snap shot by Alexander Korolyuk.
14:13 of 3rd period - Deflect By T.J. Oshie.
14:13 of 3rd period - Shot Blocked by Frederic St-Denis.
14:13 of 3rd period - Puck is out of play.
14:14 of 3rd period - Jesse Winchester wins face-off versus Tyler Brenner in High Goats zone.
14:24 of 3rd period - T.J. Oshie beats up Sami Lepisto.
14:24 of 3rd period - Penalty to Sami Lepisto for Fighting.
14:24 of 3rd period - Penalty to T.J. Oshie for Fighting.
14:25 of 3rd period - Jesse Winchester wins face-off versus Michael Nylander in neutral zone.
14:34 of 3rd period - Slapshot by Antti Laaksonen.
14:34 of 3rd period - Shot Misses the Net.
14:36 of 3rd period - Wrist shot by Antti Laaksonen.
14:36 of 3rd period - Shot Blocked by Kevin Shattenkirk.
14:38 of 3rd period - Slapshot by Anton Stralman.
14:38 of 3rd period - Shot Misses the Net.
14:40 of 3rd period - Wrist shot by Chris Stewart.
14:40 of 3rd period - Goal by Chris Stewart - Princes : 7 - High Goats : 4.
14:41 of 3rd period - Boyd Gordon wins face-off versus Jesse Winchester in neutral zone.
14:48 of 3rd period - Snap shot by Boyd Gordon.
14:48 of 3rd period - Shot Misses the Net.
14:50 of 3rd period - Snap shot by Noah Welch.
14:50 of 3rd period - Shot Misses the Net.
14:52 of 3rd period - Slapshot by Noah Welch.
14:52 of 3rd period - Stopped by Al Montoya with a rebound.
14:54 of 3rd period - Slapshot by Nate Prosser.
14:54 of 3rd period - Shot Misses the Net.
14:56 of 3rd period - Slapshot by Nate Prosser.
14:56 of 3rd period - Shot Misses the Net.
15:51 of 3rd period - Slapshot by Jonathan Tremblay.
15:51 of 3rd period - Shot Misses the Net.
15:53 of 3rd period - Slapshot by Jason Strudwick.
15:53 of 3rd period - Goal by Jason Strudwick - Princes : 8 - High Goats : 4.
15:54 of 3rd period - Jesse Winchester wins face-off versus Boyd Gordon in neutral zone.
16:29 of 3rd period - Snap shot by Patric Hornqvist.
16:29 of 3rd period - Stopped by Al Montoya with a rebound.
17:09 of 3rd period - Minor Penalty to Adam Pardy for Roughing.
17:10 of 3rd period - Michael Nylander wins face-off versus Joël Perrault in Princes zone.
17:21 of 3rd period - Wrist shot by Chris Stewart.
17:21 of 3rd period - Shot Misses the Net.
17:35 of 3rd period - Noah Welch is hit by Jesse Winchester and loses puck.
18:20 of 3rd period - Chris Stewart is hit by Nate Prosser and loses puck.
19:09 of 3rd period - Penalty to Adam Pardy is over, Adam Pardy is back on ice.
19:21 of 3rd period - Adam Pardy is hit by Petteri Wirtanen and loses puck.
19:26 of 3rd period - Slapshot by Brendon Segal.
19:26 of 3rd period - Shot Blocked by Rhett Warrener.
19:28 of 3rd period - Slapshot by Petteri Wirtanen.
19:28 of 3rd period - Goal by Petteri Wirtanen - Princes : 8 - High Goats : 5.
19:29 of 3rd period - Craig Weller wins face-off versus Boyd Gordon in neutral zone.
19:31 of 3rd period - Off-side.
19:32 of 3rd period - Nick Bonino wins face-off versus Brian McGrattan in neutral zone.
19:42 of 3rd period - Snap shot by Noah Welch.
19:42 of 3rd period - Stopped by Al Montoya without a rebound.
19:43 of 3rd period - Boyd Gordon wins face-off versus Jesse Winchester in High Goats zone.


Output by the SimonT Hockey Simulator (STHS) for François Prévost -- Original Page W3C XHTML 1.0 Valid
Hockey Simulator - Hockey Simulation - Hockey Manager